 Dungeon Crawl Stone Soup version 0.31-a0-1363-g282adc679d (webtiles) character file.

Game seed: 4041974174642391303

115660 IcantSneed the Metamorph (level 16, -15/157 HPs)
             Began as an Octopode Shapeshifter on Dec 23, 2023.
             Was an Initiate of Gozag.
             Demolished by an eleionoma (17 damage)
             ... on level 2 of the Swamp.
             The game lasted 01:14:59 (28356 turns).

IcantSneed the Metamorph (Octopode Shapeshifter)   Turns: 28356, Time: 01:15:00

Health: -15/157    AC: 14    Str: 36    XL:     16   Next: 69%
Magic:  30/31      EV: 21    Int: 19    God:    Gozag
Gold:   923        SH:  0    Dex: 17    Spells: 21/23 levels left

rFire   + +          .
                       - Unarmed
rCold   + + .        (shield currently unavailable)
rNeg    . . .        (helmet currently unavailable)
rPois   +            t - amulet of Wuceoniodgh {rElec Will+ Regen+}
rElec   +            h - ring "Gibugeh" {Wiz rF- Will+ Dex+4}
rCorr   .            n - +5 ring of evasion
SInv    .            (no ring)
Will    +++++        z - +6 ring of intelligence
Stlth   ++           K - ring of Foarojun {Wiz rElec rF+ Str+9 Dex-4}
HPRegen 1.26/turn    y - ring of willpower
MPRegen 0.22/turn    U - ring "Ycrecrok" {rC+++ Will+ Dex+2 Slay-2}
                     Y - ring of magical power

%: wizardry (x2)
@: about to teleport, dragon-form, marked, gold aura, on blink cooldown, flying
A: dragon claw, dragon scales, breathe fire, flying, boosted hp, almost no
armour, amphibious, 8 rings, giant, (camouflage 1), (gelatinous body 1), (nimble
swimmer 1), (tentacles)
a: Breathe Fire, Begin Untransformation, Renounce Religion, Potion Petition,
Call Merchant, Bribe Branch


You were on level 2 of the Swamp.
You worshipped Gozag.
Gozag was pleased with you.
You were a fearsome dragon!
You visited 5 branches of the dungeon, and saw 25 of its levels.
You also visited: Ossuary, Bailey and Gauntlet.

You collected 12164 gold pieces.
You spent 4341 gold pieces at shops.
You paid 6900 gold pieces to Gozag.

Inventory:

Missiles
 B - 6 atropa-tipped darts (quivered)
 N - 3 throwing nets
Armour
 L - a +1 kite shield
 X - a +2 hat
Jewellery
 h - the ring "Gibugeh" (left foreclaw) {Wiz rF- Will+ Dex+4}
   (You acquired it on level 2 of the Dungeon)

   [ring of wizardry]

   Wiz:       It improves your spell success rate.
   Dex+4:     It affects your dexterity (+4).
   rF-:       It makes you vulnerable to fire.
   Will+:     It increases your willpower.
 k - a ring of ice
 n - a +5 ring of evasion (right foreclaw)
 q - an amulet of the acrobat
 t - the amulet of Wuceoniodgh (around neck) {rElec Will+ Regen+}
   (You bought it in a shop on level 4 of the Dungeon)

   [amulet of regeneration]

   rElec:     It insulates you from electricity.
   Will+:     It increases your willpower.
   Regen+:    It increases your rate of health regeneration.
 y - a ring of willpower (on tentacle)
 z - a +6 ring of intelligence (on tentacle)
 C - a ring of fire
 K - the ring of Foarojun (on tentacle) {Wiz rElec rF+ Str+9 Dex-4}
   (You found it in a bailey)

   [ring of wizardry]

   Wiz:       It improves your spell success rate.
   Str+9:     It affects your strength (+9).
   Dex-4:     It affects your dexterity (-4).
   rF+:       It protects you from fire.
   rElec:     It insulates you from electricity.
 U - the ring "Ycrecrok" (on tentacle) {rC+++ Will+ Dex+2 Slay-2}
   (You bought it in a shop on level 4 of the Dungeon)

   [ring of willpower]

   Dex+2:     It affects your dexterity (+2).
   Slay-2:    It affects your accuracy & damage with ranged weapons and melee
   (-2).
   rC+++:     It renders you almost immune to cold.
   Will+:     It increases your willpower.
 Y - a ring of magical power (on tentacle)
Talismans
 b - a beast talisman
 c - a flux talisman
 l - a dragon-blood talisman (active)
 o - a blade talisman
 P - a serpent talisman
Wands
 f - a wand of polymorph (4)
 p - a wand of paralysis (9)
 x - a wand of flame (31)
 A - a wand of mindburst (8)
 W - a wand of roots (10)
Scrolls
 v - 3 scrolls of teleportation
 E - a scroll of silence
 F - a scroll of blinking
 G - 5 scrolls of revelation
 H - 2 scrolls of fog
 M - 7 scrolls of fear
 O - 2 scrolls of poison
 R - a scroll of torment
 S - a scroll of vulnerability
Potions
 a - 4 potions of lignification
 d - a potion of magic
 e - 10 potions of ambrosia
 g - 5 potions of might
 i - a potion of heal wounds
 j - 9 potions of curing
 m - 8 potions of attraction
 s - 2 potions of brilliance
 u - 2 potions of invisibility
 w - 6 potions of mutation
 I - 3 potions of haste
 Q - 4 potions of enlightenment
 V - a potion of resistance
Miscellaneous
 D - a box of beasts (inert)


   Skills:
 - Level 8.1 Fighting
 - Level 16.3 Dodging
 + Level 11.6 Unarmed Combat
 - Level 4.1 Spellcasting
 - Level 14.2 Evocations
 - Level 19.0 Shapeshifting


You had 21 spell levels left.
You knew the following spells:

 Your Spells              Type           Power      Damage    Failure   Level
a - Blink                 Tloc           6%         N/A       5%          2

Your spell library contained the following spells:

 Spells                   Type           Power      Damage    Failure   Level
 Apportation              Tloc           6%         N/A       4%          1
 Foxfire                  Conj/Fire      12%        2x1d4     4%          1
 Magic Dart               Conj           12%        1d3       4%          1
 Necrotise                Necr           12%        1d4       4%          1
 Sandblast                Erth           6%         2d5       4%          1
 Sting                    Conj/Alch      12%        1d3       4%          1
 Summon Small Mammal      Summ           12%        N/A       4%          1
 Call Imp                 Summ           6%         N/A       5%          2
 Ensorcelled Hibernation  Hex/Ice        6%         N/A       5%          2
 Lesser Beckoning         Tloc           6%         N/A       5%          2
 Passwall                 Alch/Erth      2%         N/A       5%          2
 Sublimation of Blood     Necr           3%         N/A       5%          2
 Call Canine Familiar     Summ           3%         N/A       11%         3
 Dazzling Flash           Conj/Hex       6%         N/A       11%         3
 Fugue of the Fallen      Necr           3%         N/A       11%         3
 Gell's Gravitas          Tloc           3%         N/A       11%         3
 Inner Flame              Hex/Fire       3%         N/A       11%         3
 Mephitic Cloud           Conj/Alch/Air  3%         N/A       11%         3
 Stone Arrow              Conj/Erth      6%         3d7       11%         3
 Summon Guardian Golem    Hex/Summ       3%         N/A       11%         3
 Teleport Other           Tloc           3%         N/A       11%         3
 Tukima's Dance           Hex            3%         N/A       11%         3
 Vampiric Draining        Necr           3%         2d6       11%         3
 Anguish                  Hex/Necr       1%         N/A       32%         4
 Brom's Barrelling Bould  Conj/Erth      3%         2d3       32%         4
 Flame Wave               Conj/Fire      3%         2d5       32%         4
 Passage of Golubria      Tloc           3%         N/A       32%         4
 Sticky Flame             Fire/Alch      3%         2d4       32%         4
 Agony                    Necr           3%         N/A       65%         5
 Borgnjor's Vile Clutch   Necr/Erth      1%         N/A       65%         5
 Silence                  Hex/Air        1%         N/A       65%         5
 Yara's Violent Unravell  Hex/Alch       1%         3d3       65%         5
 Death Channel            Necr           1%         N/A       99%         6
 Plasma Beam              Fire/Air       1%         2x1d11    99%         6
 Starburst                Conj/Fire      1%         6d3       99%         6
 Summon Hydra             Summ           1%         N/A       100%        7
 Lehudib's Crystal Spear  Conj/Erth      1%         10d2      100%        8
 Animate Dead             Necr           Unusable   N/A       N/A         4

Dungeon Overview and Level Annotations

Branches:
Dungeon (15/15) Temple (1/1) D:4 Lair (5/5) D:8 Swamp (2/4) Lair:2 Snake (0/4) Lair:3 Slime (0/5) Lair:4 Orc (2/2) D:12 Elf (0/3) Orc:2 Vaults (0/5) D:13 D:14 Ossuary (visited) Bailey (visited) Gauntlet (visited) Depths: D:15

Altars:
Ashenzari
Cheibriados
Dithmenos
Elyvilon
Fedhas
Gozag
Hepliaklqana
Kikubaaqudgha
Makhleb
Nemelex Xobeh
Okawaru
Qazlal
Ru
Sif Muna
Trog
Uskayaw
Vehumet
Wu Jian
Xom
Yredelemnul
Zin
The Shining One
Jiyva

Shops:
D:4 =   D:5 :   D:6 :   D:9 :   D:12 (*?   D:13 =   Orc:1 ?*   Orc:2 [:*(
Lair:5 :

Annotations:
D:3 Pargi
D:10 2 runed translucent doors
D:12 3 runed translucent doors, temujin's ghost, journeyman DECj
D:13 Lubbarad's ghost, journeyman FoFi


Innate Abilities, Weirdness & Mutations

You are a fearsome dragon!
You have a powerful clawing attack.
Your giant scaled body is strong and resilient, but less evasive.
You can breathe fire.
You are flying.
Your maximum health is greatly increased.
Your armour is entirely melded.
You are incapable of wielding weapons or throwing items.
You cannot wear most types of armour.
You are amphibious.
You can wear up to eight rings at the same time.
((Your skin changes colour to match your surroundings (Stealth+).))
((Your rubbery body absorbs attacks. (AC +1, EV +1)))
((You are camouflaged when in or above water. (Stealth+)))
((You have tentacles for arms and can constrict up to eight enemies at once.))


Message History

A shambling mangrove comes into view.
The spriggan rider completely misses you.
Your elder stingbat beast completely misses the eleionoma.
The goliath frog hits you from afar!
You are splashed with acid!
The five-headed hydra completely misses you.
The five-headed hydra bites you!
* * * LOW HITPOINT WARNING * * *
The five-headed hydra closely misses you.
The five-headed hydra bites you!
* * * LOW HITPOINT WARNING * * *
The five-headed hydra closely misses you.
You feel much better.
Your elder stingbat beast stings the eleionoma from afar.
The thorn hunter hits the briar patch!
The briar patch is destroyed!
The five-headed hydra bites you but does no damage.
The five-headed hydra bites you!
* * * LOW HITPOINT WARNING * * *
The five-headed hydra barely misses you. x2
The five-headed hydra closely misses you.
The spriggan rider barely misses you. The goliath frog closely misses you.
Your elder stingbat beast barely misses the eleionoma.
The five-headed hydra bites you!
* * * LOW HITPOINT WARNING * * *
The five-headed hydra bites you!!
* * * LOW HITPOINT WARNING * * *
The five-headed hydra misses you. x2; The five-headed hydra bites you.
* * * LOW HITPOINT WARNING * * *
Unknown command.
You feel much better.
Your elder stingbat beast stings the eleionoma from afar!
An alligator comes into view.
The thorn hunter fires a volley of thorns at you.
The volley of thorns hits you!!
* * * LOW HITPOINT WARNING * * *
The eleionoma hurls a spray of splinters at your elder stingbat beast.
The spray of wooden splinters hits your elder stingbat beast.
The eleionoma hits you!
You die...
Your body crumbles into a pile of gold.

♣♣.....♣♣♣ ♣♣♣♣♣~...♣♣~♣♣
♣♣♣♣♣.♣§♣♣..~..~~♣♣♣
♣♣....~~H...~..~..♣.♣♣♣♣
♣♣♣♣♣~....§~.....~.~~....♣.♣♣
~..♣♣♣.....~R.~.....~~......♣
§~~.♣~.~.♣.♣~$..~......~.~.♣♣
~~~~~.~...~~...D.~.....~♣.♣♣
~~~~~..♣~~~~~.iDDR.♣~♣~♣♣♣♣
~~..♣~♣♣....~~F.....♣♣♣♣
.♣~..♣♣♣♣..~~.~..~DH.♣ .♣~~.♣
♣♣PP.PPP......♣ ..♣..~.
♣PPPfPP...§~~~. ~..♣~~[~
X~~.iPP~..~~.~.
~~~♣♣♣♣♣♣#♣♣f#♣♣♣##♣#♣...
~~~♣ ♣l ♣~ ~~.♣


You could see a tentacled monstrosity, a thorn hunter, a shambling mangrove, 2
eleionomae, 3 five-headed hydras, a fenstrider witch, an alligator, 2 spriggan
riders, a goliath frog (strong) and a friendly elder stingbat beast (summoned).

Vanquished Creatures
  Jorgrun (Swamp:1)
  Rupert (D:13)
  Kirke (Swamp:1)
  2 orc warlords
  2 eleionomae (Swamp:1)
  The ghost of Cuthed the Spear-Bearer, a journeyman OpCK of Hepliaklqana (D:14)
  Nessos (D:12)
  3 bunyips (Swamp:1)
  Fannar (Lair:4)
  A salamander tyrant (D:13)
  An ogre mage (Orc:2)
  4 alligators
  Harold (D:10)
  5 hydras
  3 centaur warriors
  Erica (D:8)
  4 boulder beetles
  15 two-headed ogres
  5 catoblepae
  14 death yaks
  3 orc high priests
  2 tengu warriors
  3 spriggans (Swamp:1)
  3 sun demons (D:13)
  A skyshark (Lair:4)
  Lodul (D:12)
  2 goliath frogs (Swamp:1)
  3 swamp dragons
  Pikel (D:7)
  3 spriggan druids
  5 orc knights
  A bog body (Swamp:1)
  A lindwurm (Lair:5)
  2 orc sorcerers (Orc:2)
  An oklob plant (Lair:3)
  3 deep elf pyromancers
  A cyclops (D:14)
  6 manticores
  3 black mambas
  6 elephants (Lair:5)
  6 ugly things
  2 will-o-the-wisps (Swamp:1)
  2 kobold blastminers
  An unseen horror (D:12)
  5 cane toads
  A gargoyle (D:12)
  3 rime drakes
  A kobold demonologist (D:13)
  Psyche (D:8)
  11 komodo dragons
  8 trolls
  2 polar bears
  3 meliai (Lair:4)
  2 tyrant leeches
  4 hornets
  A queen bee (Lair:4)
  A wolf spider simulacrum (D:12)
  20 blink frogs
  A centaur simulacrum (D:15)
  10 slime creatures
  Sigmund (D:4)
  3 wraiths
  4 wyverns
  78 yaks
  A yak (shapeshifter) (D:15)
  4 basilisks
  4 hogs
  15 humans (D:14)
  A steam dragon (D:8)
  12 vampire mosquitoes
  A warg (D:12)
  Menkaure (D:7)
  10 swamp worms
  A naga (Lair:3)
  An acid dragon (D:12)
  11 water moccasins
  2 ice beasts
  32 orc warriors
  2 black bears (D:7)
  15 ogres
  3 wolves (Lair:4)
  5 centaurs
  2 phantoms (D:7)
  A lemure (D:7)
  Blork the orc (D:4)
  2 kobold brigands
  2 gnoll sergeants
  12 bullfrogs
  6 scorpions
  4 water moccasin zombies (Ossuary)
  9 wights
  26 killer bees
  5 howler monkeys
  3 jellies
  13 orc priests
  3 hounds
  A gnoll bouda (D:8)
  A spectral scorpion (Ossuary)
  3 iguanas
  A sleepcap (D:6)
  18 orc wizards
  A crocodile zombie (Ossuary)
  2 mummies (Ossuary)
  16 gnolls
  7 adders
  A shadow imp (D:8)
  2 white imps
  5 adder zombies (Ossuary)
  2 worms
  6 dart slugs
  85 orcs
  7 bats
  11 endoplasms
  3 giant cockroaches
  6 gnoll zombies (Ossuary)
  19 goblins
  15 hobgoblins
  5 jackals (D:2)
  33 kobolds
  6 quokkas
  8 ball pythons
  A frilled lizard (D:2)
  3 hobgoblin zombies (Ossuary)
  8 kobold zombies (Ossuary)
  An orc zombie (Ossuary)
  5 rats
781 creatures vanquished.

Vanquished Creatures (collateral kills)
  A hydra (Lair:5)
  A vampire mosquito (Swamp:1)
2 creatures vanquished.

Vanquished Creatures (others)
  2 bloated husks
  4 foxfires (Swamp:1)
6 creatures vanquished.

Grand Total: 789 creatures vanquished

Notes
Turn   | Place    | Note
-------+----------+-------------------------------------------
     0 | D:1      | IcantSneed the Octopode Shapeshifter began the quest for
                  | the Orb.
     0 | D:1      | Reached XP level 1. HP: 13/13 MP: 1/1
   144 | D:1      | Reached XP level 2. HP: 18/18 MP: 2/2
   575 | D:1      | Reached XP level 3. HP: 17/23 MP: 3/3
   941 | D:2      | Reached XP level 4. HP: 28/28 MP: 4/4
  1134 | D:2      | Reached skill level 5 in Unarmed Combat
  1465 | D:3      | Identified 3 scrolls of acquirement
  1465 | D:3      | Acquired 873 gold pieces
  1471 | D:2      | Acquired the ring "Gibugeh" {Wiz rF- Will+ Dex+4}
  1472 | D:2      | Acquired 1249 gold pieces
  1502 | D:3      | Found a basalt altar of Yredelemnul.
  1513 | D:3      | Found Zin's Purification Station.
  1518 | D:3      | Found a glowing silver altar of Zin.
  1536 | D:3      | Bought a potion of curing for 90 gold pieces
  1611 | D:3      | Reached XP level 5. HP: 23/33 MP: 5/5
  1637 | D:3      | Noticed Pargi
  2120 | D:4      | Found a staircase to the Ecumenical Temple.
  2134 | Temple   | Entered the Ecumenical Temple
  2139 | Temple   | Became a worshipper of Gozag Ym Sagoz the Greedy
  2153 | D:4      | Bought a dragon-blood talisman for 660 gold pieces
  2316 | D:4      | Noticed Sigmund
  2323 | D:4      | Killed Sigmund
  2324 | D:4      | Reached skill level 4 in Shapeshifting
  2324 | D:4      | Reached XP level 6. HP: 38/38 MP: 6/6
  2699 | D:4      | Reached skill level 5 in Shapeshifting
  2744 | D:4      | Reached XP level 7. HP: 38/43 MP: 7/7
  2834 | D:5      | Entered Level 5 of the Dungeon
  3048 | D:5      | Reached skill level 6 in Shapeshifting
  3097 | D:5      | Identified the +4 mace of Spite {freeze, rC- Int+5 SInv}
  3220 | D:5      | Noticed Blork the orc
  3313 | D:4      | Killed Blork the orc
  3402 | D:5      | Reached skill level 7 in Shapeshifting
  3606 | D:6      | Reached XP level 8. HP: 39/48 MP: 8/8
  3686 | D:6      | Found Raskec's Vocational Training.
  3739 | D:6      | Found a sand-covered staircase.
  3744 | Ossuary  | Entered an ossuary
  3831 | Ossuary  | Reached skill level 8 in Shapeshifting
  4251 | D:6      | Reached skill level 9 in Shapeshifting
  4698 | D:7      | Found a white marble altar of Elyvilon.
  4771 | D:7      | Reached XP level 9. HP: 50/53 MP: 9/9
  4787 | D:7      | Reached skill level 10 in Shapeshifting
  4964 | D:7      | Noticed Pikel
  4989 | D:7      | Killed Pikel
  4990 | D:7      | Reached skill level 11 in Shapeshifting
  5324 | D:7      | Found a broken altar of Ashenzari.
  5489 | D:7      | Reached skill level 12 in Shapeshifting
  5489 | D:7      | Reached XP level 10. HP: 58/58 MP: 10/10
  5560 | D:7      | Identified the +7 spear "Ecvohuzy" {freeze, rF- Int+2 Dex+3
                  | SInv}
  5734 | D:7      | Noticed Menkaure
  5737 | D:7      | Killed Menkaure
  6797 | D:8      | Found a staircase to the Lair.
  6809 | D:8      | Reached skill level 13 in Shapeshifting
  6913 | D:8      | Noticed Erica
  6924 | D:8      | Killed Erica
  7148 | D:8      | Noticed Psyche
  7155 | D:8      | Killed Psyche
  7403 | D:9      | Noticed a two-headed ogre
  7418 | D:8      | Reached skill level 14 in Shapeshifting
  7541 | D:9      | Killed a two-headed ogre
  7542 | D:9      | Reached XP level 11. HP: 42/63 MP: 11/11
  7970 | D:9      | Found a hazy altar of Hepliaklqana.
  8023 | D:9      | Found a flagged portal.
  8030 | Bailey   | Entered a bailey
  8080 | Bailey   | Noticed an orc warlord
  8183 | Bailey   | Noticed an orc knight
  8203 | Bailey   | Killed an orc knight
  8511 | Bailey   | Reached skill level 15 in Shapeshifting
  8535 | Bailey   | Found a runed translucent gate.
  8535 | Bailey   | Found a runed translucent gate.
  8557 | Bailey   | Found a runed translucent gate.
  8642 | Bailey   | Killed an orc warlord
  8785 | Bailey   | Identified the ring of Foarojun {Wiz rElec rF+ Str+9 Dex-4}
  8796 | Bailey   | Acquired 738 gold pieces
  9183 | D:9      | Found an ancient bone altar of Kikubaaqudgha.
  9187 | D:9      | Found a hide-covered altar of Uskayaw.
  9219 | D:10     | Entered Level 10 of the Dungeon
  9290 | D:10     | Noticed Harold
  9304 | D:10     | Killed Harold
  9660 | D:10     | Reached skill level 16 in Shapeshifting
 10121 | D:10     | Noticed a centaur warrior
 10122 | D:10     | Found a large runed translucent door.
 10123 | D:10     | Found a large runed translucent door.
 10128 | D:10     | Noticed a cyclops
 10131 | D:10     | Noticed a naga warrior
 10500 | D:11     | Noticed a boulder beetle
 10501 | D:11     | You are sucked into a shaft and drop 1 floor!
 10562 | D:11     | Identified the +6 flail of Joqafal {venom, *Corrode rPois
                  | rC+ Str+8 Dex+3}
 10747 | D:11     | Noticed a two-headed ogre
 10761 | D:11     | Killed a two-headed ogre
 10762 | D:11     | Reached XP level 12. HP: 68/68 MP: 12/12
 10780 | D:11     | Killed a boulder beetle
 11243 | D:12     | Noticed Lodul
 11250 | D:12     | Noticed a two-headed ogre
 11264 | D:12     | Killed a two-headed ogre
 11274 | D:12     | Killed Lodul
 11475 | D:12     | Noticed a boulder beetle
 11478 | D:12     | Killed a boulder beetle
 11483 | D:12     | Found Tyckag's General Store.
 11491 | D:12     | Bought a potion of curing for 30 gold pieces
 11491 | D:12     | Bought a potion of curing for 30 gold pieces
 11491 | D:12     | Bought a scroll of teleportation for 30 gold pieces
 11509 | D:12     | Noticed Nessos
 11526 | D:12     | Killed Nessos
 11527 | D:12     | Reached skill level 17 in Shapeshifting
 11745 | D:12     | Noticed a two-headed ogre
 11747 | D:12     | Noticed temujin's ghost (journeyman DECj)
 11747 | D:12     | Noticed a tengu reaver
 11748 | D:12     | Noticed a deep elf knight
 11751 | D:12     | Found a runed translucent gate.
 11752 | D:12     | Found a runed translucent gate.
 11752 | D:12     | Found a runed translucent gate.
 11753 | D:12     | Noticed a two-headed ogre
 11775 | D:12     | Killed a two-headed ogre
 12127 | D:12     | Noticed a boulder beetle
 12145 | D:12     | Killed a boulder beetle
 12146 | D:12     | Reached skill level 5 in Fighting
 12225 | D:12     | Found Gocanul's Magic Scroll Shoppe.
 12271 | D:12     | Found Qostayr's Antique Weapon Shoppe.
 12428 | D:12     | Found a staircase to the Orcish Mines.
 13091 | D:6      | Bought a manual of Evocations for 880 gold pieces
 13262 | D:13     | Noticed a centaur warrior
 13268 | D:13     | Killed a centaur warrior
 13269 | D:13     | Reached XP level 13. HP: 83/83 MP: 13/13
 13443 | D:13     | Reached skill level 5 in Dodging
 13556 | D:13     | Noticed Rupert
 13584 | D:13     | Killed Rupert
 14878 | D:13     | Found a runed translucent door.
 14879 | D:13     | Noticed Lubbarad's ghost (journeyman FoFi)
 15123 | D:14     | Found a gate to the Vaults.
 15565 | D:14     | Reached skill level 1 in Evocations
 15821 | D:14     | Reached skill level 5 in Evocations
 16459 | D:14     | Found a runed translucent door.
 16460 | D:14     | Noticed Cuthed's ghost (journeyman OpCK)
 16514 | D:14     | Killed Cuthed's ghost
 16640 | D:14     | Reached skill level 10 in Evocations
 16801 | D:14     | Reached XP level 14. HP: 90/90 MP: 14/14
 17159 | D:15     | Entered Level 15 of the Dungeon
 17376 | D:15     | HP: 5/135 [yaktaur/bolt (19)]
 17850 | D:12     | Bought a scroll of blinking for 90 gold pieces
 18002 | D:5      | Bought a book of Minor Magic for 176 gold pieces
 18006 | D:5      | Learned a level 2 spell: Blink
 18217 | Orc:1    | Entered Level 1 of the Orcish Mines
 19151 | Orc:2    | Entered Level 2 of the Orcish Mines
 19151 | Orc:2    | Found a gate leading to a gauntlet.
 19161 | Gauntlet | Entered a Gauntlet
 19161 | Gauntlet | Found a transporter.
 19426 | Orc:2    | Reached skill level 18 in Shapeshifting
 19800 | Orc:2    | Noticed an orc warlord
 19822 | Orc:2    | Killed an orc warlord
 20309 | Orc:2    | Reached skill level 10 in Unarmed Combat
 20366 | Orc:2    | Found Azupna Tuyz's Book Shop.
 20371 | Orc:2    | Found Kuda's Antique Armour Shop.
 20420 | Orc:2    | Found Fiahailu's General Store.
 20438 | Orc:2    | Found Jegit's Antique Weapon Shop.
 20480 | Orc:2    | Found a staircase to the Elven Halls.
 20661 | Orc:2    | Bought a manual of Dodging for 1120 gold pieces
 20689 | Orc:1    | Found Eggob's Magic Scroll Emporium.
 20711 | Orc:1    | You are sucked into a shaft and drop 1 floor!
 21087 | Lair:1   | Entered Level 1 of the Lair of Beasts
 21253 | Lair:1   | Reached skill level 10 in Dodging
 21773 | Lair:2   | Reached XP level 15. HP: 99/99 MP: 15/15
 22149 | Lair:2   | Found a staircase to the Swamp.
 22453 | Lair:2   | Identified the +8 orcbow of Mutilation {antimagic, Int+3}
 23066 | Lair:3   | Found a staircase to the Snake Pit.
 23083 | Lair:3   | You are sucked into a shaft and drop 2 floors!
 23083 | Lair:5   | Entered Level 5 of the Lair of Beasts
 23518 | Lair:3   | Noticed Fannar
 23670 | Lair:4   | Killed Fannar
 23923 | Lair:3   | Reached skill level 15 in Dodging
 24432 | D:4      | Bought the amulet of Wuceoniodgh {rElec Will+ Regen+} for
                  | 545 gold pieces
 24432 | D:4      | Bought the ring "Ycrecrok" {rC+++ Will+ Dex+2 Slay-2} for
                  | 690 gold pieces
 25024 | Lair:4   | Found a viscous altar of Jiyva.
 25027 | Lair:4   | Found a staircase to the Slime Pits.
 26356 | Lair:4   | Reached XP level 16. HP: 105/105 MP: 16/16
 27097 | Swamp:1  | Entered Level 1 of the Swamp
 27097 | Swamp:1  | Noticed Kirke
 27162 | Swamp:1  | Noticed Jorgrun
 27189 | Swamp:1  | Reached skill level 19 in Shapeshifting
 27351 | Swamp:1  | Reached skill level 1 in Spellcasting
 27360 | Swamp:1  | Killed Jorgrun
 27947 | Swamp:1  | Killed Kirke
 28351 | Swamp:2  | Noticed a tentacled monstrosity
 28352 | Swamp:2  | Noticed a thorn hunter
 28352 | Swamp:2  | Noticed a fenstrider witch
 28356 | Swamp:2  | HP: 2/157 [thorn hunter/volley of thorns (29)]
 28356 | Swamp:2  | Demolished by an eleionoma

Illustrated notes

Levels and vault maps discovered:
D:1:      onia_arrival_pyramid, layout_loops_ring, serial_park_tiny_2
D:2:      layout_loops_ring
D:3:      layout_basic, nicolae_overflow_hidden_temple, zin_purify, uniq_pargi
D:4:      layout_basic, minmay_temple_entry_stoned_glass, minmay_cut_off,
          uniq_sigmund
D:5:      layout_rooms, minmay_puff, uniq_blork_the_orc
D:6:      layout_rooms, nicolae_ossuary_entry_plus, nicolae_shop_vocational
D:7:      layout_basic, elyvilon_altar_3, mainiacjoe_overflow_boulevard,
          minmay_diced_spiral, uniq_pikel, uniq_menkaure
D:8:      layout_basic, david_lair_shrubbed, uniq_erica, uniq_psyche
D:9:      layout_cave_pools, minmay_overflow_temple_star_quad, enter_bailey_3
D:10:     okawaru_arena_lexackson, layout_layer_cave, uniq_harold
D:11:     layout_gridville
D:12:     layout_roguey, david_orc_5, serial_shops, nicolae_stop_n_shop_2,
          nicolae_shop_rolling_square, nicolae_shop_just_a_little_nook,
          gammafunk_ghost_split, minmay_misc_feat_chi, nrook_loot_triangle,
          uniq_lodul, uniq_nessos
D:13:     minmay_firetagon, layout_loops_ring, ebering_ghost_reflecting_pool,
          minmay_strange_pillars, item_on_display_a, uniq_rupert
D:14:     layout_irregular_city, david_vaults_3, nrook_mini_backslash,
          gammafunk_ghost_grave
D:15:     grunt_enter_depths_snipers, layout_basic, serial_park_square1
          [serial_park_minivault_5x5_8]
Temple:   minmay_freezing_vapour_temple
Lair:1:   layout_concentric_octagons, grunt_megastairs_1, serial_bayou_shore_a
Lair:2:   layout_loops_ring, minmay_swamp_entry_worms, serial_bayou_shore_b,
          infiniplex_staircase_pool_2
Lair:3:   layout_cave_shapes, guppyfry_snake_entry_island, serial_forest,
          infiniplex_forest_split, infiniplex_forest_lined_room_,
          infiniplex_forest_clump_tiny, infiniplex_forest_straight_2,
          infiniplex_forest_lined_room_3, infiniplex_forest_fountain,
          minmay_lair_oklob_bushes, uniq_fannar
Lair:4:   layout_cave_pods, slime_entry_2, special_room [special_room_bee]
Lair:5:   evilmike_catoblepas_cave, layout_loops_ring,
          chequers_serial_rivers_marsh, serial_bayou_pond_c
Swamp:1:  layout_basic_swamp, evilmike_swamp_ruin_house_1, uniq_kirke,
          uniq_jorgrun
Swamp:2:  nzn_winding_woodlands_cross [nzn_winding_woodlands_5x15_sawtooth,
          nzn_winding_woodlands_5x15_lazy_stream,
          nzn_winding_woodlands_5x15_pockets,
          nzn_winding_woodlands_5x15_pathside_ponds,
          nzn_winding_woodlands_15x15_five_gardens], layout_basic_swamp,
          evilmike_swamp_ruin_house_2
Orc:1:    layout_diamond_mine, serial_shops, shop
Orc:2:    grunt_orc_cross, layout_caves, gauntlet_entry_generic

Skill      XL: |  1  2  3  4  5  6  7  8  9 10 11 12 13 14 15 16 |
---------------+-------------------------------------------------+-----
Unarmed Combat | 4 5 6 8 9 10 11 | 11.6
Shapeshifting  | 4 5 7 9 12 14 16 17 18 19 | 19.0
Fighting       | 6 8 |  8.1
Dodging        | 3 9 11 16 | 16.3
Evocations     | 10 11 14 | 14.2
Spellcasting   | 4 |  4.1

Action                     |  1- 3 |  4- 6 |  7- 9 | 10-12 | 13-15 | 16-18 || total
---------------------------+-------+-------+-------+-------+-------+-------++-------
  Melee: Unarmed           |    72 |   123 |   254 |   413 |   858 |   213 ||  1933
         Constrict         |    20 |    37 |    60 |       |       |       ||   117
         Tentacles         |    10 |    28 |    52 |       |       |       ||    90
         Punch             |     2 |     4 |    21 |    25 |    56 |    14 ||   122
         Tailslap          |       |       |       |    53 |   113 |    43 ||   209
         Bite              |       |       |       |    37 |    91 |    32 ||   160
   Cast: Blink             |       |       |       |       |     1 |     4 ||     5
 Invoke: Call Merchant     |       |     1 |     1 |     2 |     1 |     1 ||     6
Ability: Breathe Fire      |       |       |       |     2 |     3 |       ||     5
  Evoke: Wand              |       |       |     3 |    10 |     4 |     2 ||    19
         Box of beasts     |       |       |       |       |     2 |     2 ||     4
    Use: Scroll            |     6 |     6 |     7 |     9 |     7 |     4 ||    39
         Potion            |       |     1 |     5 |       |     8 |     2 ||    16
   Stab: Sleeping          |     6 |     7 |     1 |       |     1 |       ||    15
         Distracted        |       |       |     3 |     1 |     5 |     3 ||    12
         Petrified         |       |       |       |       |     3 |       ||     3
 Armour: Skin              |    28 |    47 |   152 |   207 |   523 |   239 ||  1196
  Dodge: Dodged            |    39 |    73 |   162 |   272 |   651 |   311 ||  1508
   Form: Blade             |       |       |     1 |       |       |       ||     1
         Dragon            |       |       |       |     1 |       |       ||     1

Table legend: (Time is in decaauts)
 A = Elapsed time spent in this place.
 B = Non-inter-level travel time spent in this place.
 C = Inter-level travel time spent in this place.
 D = Time resting spent in this place.
 E = Time spent auto-exploring this place.
 F = Levels seen in this place.
 G = Mean time per level.
                   A        B        C        D        E       F      G
               +--------+--------+--------+--------+--------+-----+--------+
         Total |  28143 |  26602 |   1541 |   7983 |   8877 |  28 | 1005.1 |
       Dungeon |  17998 |  16765 |   1233 |   5196 |   6121 |  15 | 1199.9 |
        Temple |     10 |     10 |      0 |      0 |      0 |   1 |   10.0 |
          Lair |   5749 |   5485 |    264 |   1525 |   2063 |   5 | 1149.8 |
         Swamp |   1180 |   1180 |      0 |    328 |    142 |   2 |  590.0 |
  Orcish Mines |   2211 |   2169 |     42 |    619 |    551 |   2 | 1105.5 |
       Ossuary |    215 |    215 |      0 |     13 |      0 |   1 |  215.0 |
        Bailey |    764 |    764 |      0 |    301 |      0 |   1 |  764.0 |
      Gauntlet |     12 |     12 |      0 |      0 |      0 |   1 |   12.0 |
               +--------+--------+--------+--------+--------+-----+--------+

Top non-repeatable levels by time:
    D:12: 2464 daAuts
    D:13: 2461 daAuts
    D:14: 2050 daAuts
     D:7: 1739 daAuts
     D:8: 1728 daAuts
  Lair:4: 1668 daAuts
  Lair:5: 1452 daAuts
   Orc:2: 1358 daAuts
    D:10: 1287 daAuts
  Lair:2: 1132 daAuts
 Swamp:1: 938 daAuts
     D:4: 867 daAuts
   Orc:1: 853 daAuts
     D:9: 841 daAuts
     D:5: 783 daAuts
